 Dungeon Crawl Stone Soup version 0.20.0-8-g6b59dc7 (webtiles) character file.

31961 inmateoo the Severer (level 13, -4/119 HPs)
             Began as a Hill Orc Gladiator on May 31, 2017.
             Was a High Priest of Beogh.
             Slain by an 11-headed hydra (12 damage)
             ... on level 14 of the Dungeon.
             The game lasted 00:21:42 (10575 turns).

inmateoo the Severer (Hill Orc Gladiator)          Turns: 10575, Time: 00:21:43

Health: -4/119     AC: 22    Str: 27    XL:     13   Next: 61%
Magic:  13/13      EV: 15    Int:  6    God:    Beogh [*****.]
Gold:   431        SH:  0    Dex: 19    Spells: 3/12 levels left

rFire    + . .     SeeInvis .   T - +6 broad axe
rCold    + + +     Gourm    .   (no shield)
rNeg     . . .     Faith    .   S - +1 chain mail of Apathy {rC+ Int-4 Dex+7}
rPois    +         Spirit   .   k - +0 hat {MR+}
rElec    .         Reflect  .   a - +1 cloak of Hedge Wizardry {rF+ rC+ Int+2}
rCorr    +         Harm     .   X - +0 pair of gloves
MR       +....     Clarity  +   J - +0 pair of boots (curse)
Stlth    ..........             p - amulet of regeneration
Regen    0.7/turn               L - +4 ring of protection
MPRegen  0.2/turn               G - ring of resist corrosion

@: mighty, about to teleport
A: walk on water, clarity, cold resistance 1, poison resistance
a: Smiting, Recall Orcish Followers, Give Item to Named Follower, Renounce
Religion


You were on level 14 of the Dungeon.
You worshipped Beogh.
Beogh was extremely pleased with you.
You were hungry.

You visited 1 branch of the dungeon, and saw 14 of its levels.

You collected 821 gold pieces.
You spent 390 gold pieces at shops.

Inventory:

Hand Weapons
 T - a +6 broad axe (weapon)
 Z - a +1 scimitar of flaming
Missiles
 d - 3 throwing nets (quivered)
Armour
 a - the +1 cloak of Hedge Wizardry (worn) {rF+ rC+ Int+2}
   (You acquired it on level 13 of the Dungeon)

   It affects your intelligence (+2).
   It protects you from fire.
   It protects you from cold.
 k - a +0 hat of magic resistance (worn)
 J - a cursed +0 pair of boots (worn)
 S - the +1 chain mail of Apathy (worn) {rC+ Int-4 Dex+7}
   (You found it on level 10 of the Dungeon)

   It affects your intelligence (-4).
   It affects your dexterity (+7).
   It protects you from cold.
 X - a +0 pair of gloves (worn)
Jewellery
 i - an uncursed ring of positive energy
 p - an amulet of regeneration (around neck)
 D - an uncursed amulet of magic regeneration {unknown}
 G - a ring of resist corrosion (right hand)
 L - a +4 ring of protection (left hand)
 N - a cursed amulet of inaccuracy {unknown}
Wands
 l - a wand of disintegration (24/24)
 o - a wand of polymorph (9/24)
 u - a wand of lightning (0/15)
 C - a wand of random effects (22/48)
 K - a wand of polymorph (16/24)
 O - a wand of digging (13/24)
Scrolls
 g - 3 scrolls of remove curse
 v - 4 scrolls of amnesia
 x - 9 scrolls of teleportation
 y - 2 scrolls of blinking
 M - a scroll of fog
 R - 2 scrolls of magic mapping
Potions
 b - 2 potions of agility
 e - 7 potions of curing
 j - a potion of heal wounds
 m - 4 potions of lignification
 n - 3 potions of mutation
 q - 2 potions of berserk rage {unknown}
 r - 2 potions of ambrosia {unknown}
 w - 2 potions of cancellation {unknown}
 F - 3 potions of invisibility
 I - 2 potions of flight
 Q - 2 potions of brilliance {unknown}
Comestibles
 f - 8 bread rations
 h - 5 royal jellies
 z - 5 meat rations
 U - 3 fruits


   Skills:
 + Level 12.4 Fighting
 * Level 17.9 Axes
 - Level 1.7 Throwing
 + Level 11.3 Armour
 + Level 8.8 Dodging


You had 3 spell levels left.
You knew the following spells:

 Your Spells              Type           Power        Failure   Level  Hunger
a - Apportation           Tloc           #.....       91%         1    ##.....
b - Passwall              Tmut/Erth      #.........   97%         2    ###....
c - Deflect Missiles      Chrm/Air       #.........   100%        6    #######


Dungeon Overview and Level Annotations

Branches:
Dungeon (14/15)            Temple (0/1) D:4            Lair (0/6) D:8
    Orc (0/2) D:10         Vaults (0/5) D:13

Altars:
Fedhas
Kikubaaqudgha
Nemelex Xobeh
Ru
Vehumet
Xom
Zin

Shops:
D:13 (

Annotations:
Abyss:1 Erica, Maurice, Snorg


Innate Abilities, Weirdness & Mutations

You can walk on water.
You possess an exceptional clarity of mind.
Your flesh is cold resistant. (rC+)
Your system is resistant to poisons. (rPois)


Message History

Unknown command.
Unknown command.
Unknown command.
You slash Agnes!
You kill Agnes!
Beogh accepts your kill.
You slice one of the ten-headed hydra's heads off!
The nine-headed hydra grows two more!
You slash the 11-headed hydra! The 11-headed hydra bites you!
* * * LOW HITPOINT WARNING * * *
The 11-headed hydra bites you.
* * * LOW HITPOINT WARNING * * *
The 11-headed hydra bites you!
* * * LOW HITPOINT WARNING * * *
The 11-headed hydra barely misses you. The 11-headed hydra bites you!
* * * LOW HITPOINT WARNING * * *
The 11-headed hydra misses you.
The 11-headed hydra bites you but does no damage.
The 11-headed hydra bites you!
You die...

............ ##).##
.###..##..## #. .######).###
.......#..# #.............#
######..#.#####.####........##
##.#.#....).###.........#
#.#.......W.###...)....#
#.).....).............##
##...........##.......##
#........@..##........#
.......o.)D..##.>......#
####.....Y.....)........#
#%.........).........#
#..........##........#
#..........††#########
..............#
##.<..........# #............#


You could see a 11-headed hydra, an ice beast, a shadow and the friendly Gorg
the orc warlord.

Vanquished Creatures
  Agnes (D:14)
  Josephine (D:13)
  3 centaur warriors
  The ghost of Artagas the Fighter, a novice NaBe of Trog (D:8)
  4 unseen horrors
  An orc knight (D:11)
  2 ugly things (D:14)
  Pikel (D:7)
  A deep elf mage (D:13)
  2 manticores
  2 centaur skeletons
  An efreet (D:13)
  A redback zombie (D:12)
  A komodo dragon (D:8)
  A freezing wraith (D:11)
  3 trolls
  Prince Ribbit (D:8)
  A slime creature (D:12)
  2 hippogriffs
  A basilisk (D:14)
  A wraith (D:13)
  A vampire (D:12)
  2 wyverns
  7 yaks
  4 hogs (D:8)
  2 vampire mosquitoes (D:12)
  3 hungry ghosts
  3 orc warriors
  6 sky beasts
  3 slaves (D:7)
  An ice beast (D:10)
  A black bear (D:11)
  2 ogres
  2 phantoms
  7 centaurs
  An eye of draining (D:11)
  2 crocodiles
  3 bullfrogs
  3 scorpions (D:8)
  A wyvern skeleton (D:11)
  2 killer bees (D:12)
  6 wights
  2 howler monkeys (D:10)
  6 crimson imps
  A quasit (D:6)
  2 centaur zombies
  3 jellies
  5 orc priests
  2 bullfrog skeletons
  6 orc wizards
  6 iguanas
  10 worker ants
  A worker ant zombie (D:11)
  3 gnolls (D:4)
  9 adders
  A howler monkey skeleton (D:4)
  2 shadow imps
  2 oozes
  An adder zombie (D:6)
  2 worms
  6 leopard geckos
  34 orcs
  5 giant cockroaches
  4 goblins
  5 hobgoblins
  8 jackals
  4 quokkas
  3 ball pythons
  A bat (D:1)
  A frilled lizard (D:3)
  13 kobolds
  9 rats
  A plant (D:8)
252 creatures vanquished.

Vanquished Creatures (collateral kills)
  Erolcha (D:13)
  A vault guard (D:13)
  2 centaur warriors
  2 two-headed ogres
  An orc knight (D:13)
  3 ugly things
  A cyclops (D:11)
  A manticore (D:12)
  A black mamba (shapeshifter) (D:14)
  A gargoyle (D:14)
  2 centaur skeletons (D:14)
  A komodo dragon (D:12)
  4 trolls
  A hippogriff (shapeshifter) (D:14)
  A wyvern (D:12)
  A wraith (D:13)
  4 yaks (D:13)
  2 vampire mosquitoes (D:12)
  A hornet zombie (D:11)
  2 eyes of draining
  4 centaurs (D:12)
  2 scorpions (D:13)
  2 killer bees (D:12)
  A wight (D:14)
  2 lava snakes (D:12)
  A crimson imp (D:12)
  3 orc wizards (D:14)
  A hound skeleton (D:11)
  A shadow imp (D:11)
  A kobold (D:13)
51 creatures vanquished.

Vanquished Creatures (others)
  2 two-headed ogres (D:8)
  A tengu warrior (D:13)
  An unseen horror (D:13)
  An ugly thing (D:13)
  A cyclops (D:11)
  A gargoyle (D:12)
  3 slime creatures
  3 yaks (D:13)
  2 wraiths
  A hungry ghost (D:13)
  A human (D:8)
  A warg (D:10)
  An ice beast (D:5)
  A centaur (D:5)
  An ogre (D:7)
  2 big kobolds
  A bullfrog (D:9)
  A howler monkey (D:10)
  A wight (D:9)
  A bullfrog zombie (D:12)
  4 orc priests
  5 orc wizards
  A worker ant (D:9)
  A shadow imp (D:7)
  4 orcs
  A kobold (D:8)
  2 plants (D:8)
45 creatures vanquished.

Grand Total: 348 creatures vanquished

Notes
Turn   | Place    | Note
-------+----------+-------------------------------------------
     0 | D:1      | inmateoo the Hill Orc Gladiator began the quest for the Orb.
     0 | D:1      | Reached XP level 1. HP: 18/18 MP: 1/1
   355 | D:1      | Reached XP level 2. HP: 13/25 MP: 2/2
   752 | D:2      | Reached XP level 3. HP: 18/30 MP: 3/3
   753 | D:2      | Reached skill level 5 in Axes
  1306 | D:2      | Reached skill level 1 in Armour
  1306 | D:2      | Reached XP level 4. HP: 29/38 MP: 4/4
  2163 | D:3      | Reached XP level 5. HP: 31/45 MP: 5/5
  2351 | D:3      | Reached skill level 6 in Axes
  2458 | D:4      | Found a staircase to the Ecumenical Temple.
  2770 | D:4      | Found a sparkling altar of Nemelex Xobeh.
  2837 | D:4      | Found a radiant altar of Vehumet.
  3108 | D:4      | Reached XP level 6. HP: 46/52 MP: 6/6
  3305 | D:5      | Entered Level 5 of the Dungeon
  3417 | D:5      | Reached skill level 7 in Axes
  3634 | D:5      | Noticed a sky beast
  3648 | D:5      | Killed a sky beast
  3648 | D:5      | Reached XP level 7. HP: 60/60 MP: 7/7
  3665 | D:5      | Gained mutation: Your flesh is cold resistant. (rC+) [mutagenic meat]
  3666 | D:5      | Gained mutation: You possess an exceptional clarity of mind. [mutagenic meat]
  3667 | D:5      | Gained mutation: Your system is resistant to poisons. (rPois) [mutagenic meat]
  3859 | D:5      | Reached skill level 5 in Fighting
  4033 | D:6      | Reached skill level 8 in Axes
  4182 | D:6      | Reached XP level 8. HP: 52/69 MP: 8/8
  4186 | D:6      | Found a glowing silver altar of Zin.
  4187 | D:6      | Found an ancient bone altar of Kikubaaqudgha.
  4294 | D:6      | Reached skill level 9 in Axes
  4439 | D:7      | Became a worshipper of Beogh the Brigand
  4485 | D:7      | Noticed a hippogriff
  4498 | D:7      | Killed a hippogriff
  4590 | D:7      | Reached skill level 5 in Armour
  4645 | D:7      | Reached skill level 10 in Axes
  4723 | D:7      | Noticed Pikel
  4793 | D:7      | Killed Pikel
  4793 | D:7      | Reached XP level 9. HP: 75/78 MP: 9/9
  5039 | D:8      | Found a sparkling altar of Nemelex Xobeh.
  5095 | D:8      | Noticed a two-headed ogre
  5200 | D:8      | Found a shimmering altar of Xom.
  5248 | D:8      | Noticed a two-headed ogre
  5251 | D:8      | Banished a two-headed ogre
  5251 | D:8      | Reached skill level 11 in Axes
  5269 | D:8      | Reached skill level 5 in Dodging
  5297 | D:8      | Reached XP level 10. HP: 85/88 MP: 10/10
  5300 | D:8      | Reached skill level 12 in Axes
  5374 | D:8      | Noticed Artagas's ghost (novice NaBe)
  5386 | D:8      | Banished a two-headed ogre
  5406 | D:8      | Killed Artagas's ghost
  5541 | D:8      | Reached * piety under Beogh
  5651 | D:8      | Found a staircase to the Lair.
  5701 | D:8      | Noticed Prince Ribbit
  5777 | D:8      | Reached skill level 13 in Axes
  5849 | D:8      | Killed Prince Ribbit
  6117 | D:9      | Found a blossoming altar of Fedhas.
  6181 | D:9      | Noticed Maurice
  6189 | D:9      | Banished Maurice
  6243 | D:9      | Found a sacrificial altar of Ru.
  6444 | D:9      | Reached XP level 11. HP: 95/97 MP: 11/11
  6575 | D:9      | Noticed Erica
  6578 | D:9      | Banished Erica
  6586 | D:9      | Reached ** piety under Beogh
  6781 | D:10     | Entered Level 10 of the Dungeon
  6812 | D:10     | Reached skill level 14 in Axes
  6921 | D:10     | Found a staircase to the Orcish Mines.
  6957 | D:10     | Reached *** piety under Beogh
  7085 | D:10     | You fall through a shaft for 2 floors!
  7156 | D:12     | Reached skill level 10 in Fighting
  7157 | D:12     | Noticed a white ugly thing
  7170 | D:12     | Banished a white ugly thing
  7270 | D:12     | Noticed a tengu reaver
  7400 | D:11     | Noticed a cyclops
  7404 | D:11     | Banished a cyclops
  7430 | D:11     | Noticed a green ugly thing
  7441 | D:11     | Killed a green ugly thing
  7480 | D:11     | Noticed a two-headed ogre
  7486 | D:11     | Killed a two-headed ogre
  7767 | D:11     | Noticed a white ugly thing
  7769 | D:11     | Noticed a centaur warrior
  7774 | D:11     | Noticed an orc knight
  7774 | D:11     | Killed a centaur warrior
  7774 | D:11     | Reached skill level 15 in Axes
  7786 | D:11     | Killed an unseen horror
  7786 | D:11     | Gained Gorg as an ally
  7824 | D:11     | Killed an orc knight
  7904 | D:11     | Noticed a cyclops
  7954 | D:11     | Killed a cyclops
  8064 | D:10     | Reached XP level 12. HP: 104/108 MP: 12/12
  8161 | D:10     | Got a jewelled chain mail
  8172 | D:10     | Identified the +1 chain mail of Apathy {rC+ Int-4 Dex+7} (You found it on level 10 of the Dungeon)
  8664 | D:12     | Reached **** piety under Beogh
  8701 | D:12     | Noticed a centaur warrior
  8715 | D:12     | Killed a centaur warrior
  9116 | D:12     | Noticed a two-headed ogre
  9126 | D:12     | Killed a two-headed ogre
  9181 | D:12     | Reached skill level 16 in Axes
  9281 | D:12     | Reached skill level 10 in Armour
  9344 | D:13     | Noticed Josephine
  9346 | D:13     | Noticed Snorg
  9355 | D:13     | Killed Josephine
  9357 | D:13     | Banished Snorg
  9407 | D:13     | Found Jiwkupre's Weapon Boutique.
  9456 | D:13     | Bought a +4 broad axe for 390 gold pieces
  9491 | D:13     | Noticed Erolcha
  9505 | D:13     | Killed Erolcha
  9545 | D:13     | Noticed a centaur warrior
  9547 | D:13     | Noticed a centaur warrior
  9564 | D:13     | Killed a centaur warrior
  9564 | D:13     | Reached XP level 13. HP: 43/117 MP: 13/13
  9568 | D:13     | Reached skill level 17 in Axes
  9797 | D:13     | Noticed a vault guard
  9847 | D:13     | Killed a vault guard
  9904 | D:13     | Found a gate to the Vaults.
  9983 | D:13     | Identified Ulobewux's Papyrus of Supportive Stones
  9996 | D:13     | Identified 2 scrolls of acquirement
  9999 | D:13     | Got a crude cloak
 10010 | D:13     | Identified the +1 cloak of Hedge Wizardry {rF+ rC+ Int+2} (You acquired it on level 13 of the Dungeon)
 10124 | D:13     | Learned a level 1 spell: Apportation
 10125 | D:13     | Reached ***** piety under Beogh
 10158 | D:13     | Learned a level 2 spell: Passwall
 10165 | D:13     | Learned a level 6 spell: Deflect Missiles
 10562 | D:14     | Noticed Agnes
 10575 | D:14     | Killed Agnes
 10575 | D:14     | Slain by an 11-headed hydra

Skill      XL: |  1  2  3  4  5  6  7  8  9 10 11 12 13 |
---------------+----------------------------------------+-----
Fighting       | 3 4 5 6 7 9 10 11 12 | 12.4
Axes           | 5 6 7 8 10 11 13 15 16 17 | 17.9
Armour         | 1 2 3 4 5 6 8 9 10 11 | 11.3
Dodging        | 3 4 5 6 7 8 |  8.8
Throwing       | |  1.7

Action                   |  1- 3 |  4- 6 |  7- 9 | 10-12 | 13-15 || total
-------------------------+-------+-------+-------+-------+-------++-------
Melee: War axe           |    64 |   165 |       |       |       ||   229
       Hand axe          |       |     9 |   184 |   533 |    62 ||   788
       Broad axe         |       |       |       |       |    63 ||    63
       Scimitar          |       |       |       |       |     3 ||     3
Invok: Convert to Beogh  |       |       |     1 |       |       ||     1
       Recall Orcish Fol |       |       |       |       |     1 ||     1
Evoke: Wand              |       |       |     1 |       |     3 ||     4
  Use: Scroll            |     3 |     9 |     6 |     5 |     5 ||    28
       Potion            |       |       |       |     5 |     1 ||     6
 Stab: Distracted        |       |       |       |     2 |     2 ||     4
  Eat: Chunk             |     1 |     8 |     7 |     8 |     3 ||    27
       Fruit             |       |       |       |     8 |       ||     8
       Royal jelly       |       |       |       |     1 |       ||     1
Armor: Leather armour    |    24 |    15 |       |       |       ||    39
       Plate armour      |       |    62 |   107 |   142 |       ||   311
       Chain mail        |       |       |       |    98 |    82 ||   180
Dodge: Dodged            |    50 |    75 |    55 |   208 |    89 ||   477
